 Dungeon Crawl Stone Soup version 0.28.0-53-g5a82cb258f (webtiles) character file.

Game seed: 4605543340165604027

82208 StormTroobur the Severer (level 15, -4/141 HPs)
             Began as a Hill Orc Fighter on July 11, 2022.
             Was the Champion of Beogh.
             Splashed by a goliath frog's acid (7 damage)
             ... called by a spriggan druid
             ... on level 1 of the Swamp on July 17, 2022.
             The game lasted 02:19:12 (29032 turns).

StormTroobur the Severer (Hill Orc Fighter)        Turns: 29032, Time: 02:19:14

Health: -4/141     AC: 24    Str: 27    XL:     15   Next: 73%
Magic:  0/15       EV: 12    Int:  8    God:    Beogh [******]
Gold:   1674       SH: 13    Dex: 16    Spells: 14/14 levels left

rFire   . . .      SeeInvis .   a - +5 war axe (venom)
rCold   . . .      Faith    .   E - +0 kite shield
rNeg    . . .      Spirit   +   B - +5 plate armour {rPois}
rPois   +          Reflect  .   S - +0 helmet
rElec   .          Harm     .   f - +2 cloak
rCorr   .          Rampage  .   h - +0 pair of gloves {infuse}
Will    +....                   z - +2 pair of boots
Stlth   ..........              X - amulet of guardian spirit
HPRegen 0.33/turn               y - +6 ring of dexterity
MPRegen 0.14/turn               J - +4 ring of evasion

@: corroded
A: walk on water
a: Renounce Religion, Smiting, Recall Orcish Followers, Give Item to Named
Follower, Resurrection


You were on level 1 of the Swamp.
You worshipped Beogh.
Beogh was exalted by your worship.
You visited 4 branches of the dungeon, and saw 24 of its levels.
You also visited: Ossuary.

You collected 3246 gold pieces.
You spent 1572 gold pieces at shops.

Inventory:

Hand Weapons
 a - a +5 war axe of venom (weapon)
 i - a +2 whip of electrocution
 l - the +5 whip "Rish" {freeze, Int+4}
   (You found it on level 2 of the Dungeon)

   It freezes those it strikes, dealing additional cold damage.
   It can also slow down cold-blooded creatures.
   Int:       It affects your intelligence (+4).
 w - a +5 flail of protection
 Q - the +10 hand axe of Gozag's Approval {flame, Int+3}
   (You found it on level 6 of the Lair of Beasts)

   It burns those it strikes, dealing additional fire damage.
   Big, fiery blades are also staple armaments of hydra-hunters.
   Int:       It affects your intelligence (+3).
 W - the +4 quarterstaff of Doom {flame, Str+2}
   (You found it on level 2 of the Lair of Beasts)

   It burns those it strikes, dealing additional fire damage.
   Str:       It affects your strength (+2).
Missiles
 q - 27 poisoned darts (quivered)
 N - 2 throwing nets
 O - 2 silver boomerangs
Armour
 f - a +2 cloak (worn)
 h - a +0 pair of gloves of infusion (worn)
 z - a +2 pair of boots (worn)
 B - a +5 plate armour of poison resistance (worn)
 E - a +0 kite shield (worn)
 S - a +0 helmet (worn)
 U - an orb of light
Jewellery
 b - a ring of ice
 e - an amulet of magic regeneration
 j - the ring "Amox" {Will++ AC+4}
   (You found it on level 15 of the Dungeon)

   [ring of protection]

   AC:        It affects your AC (+4).
   Will:      It greatly increases your willpower.
 x - an amulet of reflection
 y - a +6 ring of dexterity (left hand)
 J - a +4 ring of evasion (right hand)
 R - a ring of willpower
 V - a ring of protection from cold
 X - an amulet of guardian spirit (around neck)
Wands
 m - a wand of flame (71)
 v - a wand of polymorph (19)
 I - a wand of acid (33)
 K - a wand of iceblast (15)
 M - a wand of mindburst (7)
 T - a wand of paralysis (20)
Scrolls
 c - 2 scrolls of acquirement
 p - 3 scrolls of fog
 r - 10 scrolls of teleportation
 u - 3 scrolls of amnesia
 A - 3 scrolls of magic mapping
 C - 2 scrolls of silence
 D - 2 scrolls of blinking
 F - 2 scrolls of fear
 Z - a scroll of holy word
Potions
 k - 2 potions of invisibility
 n - 5 potions of flight
 o - a potion of resistance
 s - 2 potions of haste
 t - 2 potions of mutation
 G - 2 potions of berserk rage
 H - 2 potions of brilliance
 P - a potion of magic {unknown}
 Y - a potion of cancellation {unknown}


   Skills:
 + Level 15.2 Fighting
 + Level 19.6(19.9) Axes
 + Level 5.0(12.0) Maces & Flails
 + Level 14.3 Armour
 + Level 3.3 Dodging
 + Level 5.2 Stealth
 + Level 13.7 Shields
 + Level 0.6 Invocations


You had 14 spell levels left.
You didn't know any spells.
Your spell library contained the following spells:

 Spells                   Type           Power      Damage    Failure   Level
 Animate Skeleton         Necr           0%         N/A       99%         1
 Apportation              Tloc           0%         N/A       99%         1
 Pain                     Necr           0%         1d4       99%         1
 Summon Small Mammal      Summ           0%         N/A       99%         1
 Ensorcelled Hibernation  Hex/Ice        0%         N/A       100%        2
 Dazzling Flash           Conj/Hex       0%         N/A       100%        3
 Spider Form              Tmut/Pois      0%         N/A       100%        3
 Vampiric Draining        Necr           0%         2d6       100%        3
 Anguish                  Hex/Necr       0%         N/A       100%        4
 Fulminant Prism          Conj/Hex       0%         3d6       100%        4
 Iskenderun's Mystic Bla  Conj/Tloc      0%         2d3       100%        4
 Agony                    Necr           0%         N/A       100%        5
 Alistair's Intoxication  Tmut/Pois      0%         N/A       100%        5
 Fireball                 Conj/Fire      0%         3d3       100%        5
 Lee's Rapid Deconstruct  Erth           0%         3d5*      100%        5
 Silence                  Hex/Air        0%         N/A       100%        5
 Summon Forest            Summ/Tloc      0%         N/A       100%        5
 Summon Mana Viper        Hex/Summ       0%         N/A       100%        5
 Starburst                Conj/Fire      0%         6d3       100%        6
 Summon Cactus Giant      Summ           0%         N/A       100%        6
 Ignition                 Fire           0%         3d3       100%        8


Dungeon Overview and Level Annotations

Branches:
Dungeon (15/15)            Temple (0/1) D:7            Lair (6/6) D:9
  Swamp (1/4) Lair:3        Snake (0/4) Lair:4        Slime (0/5) Lair:6
    Orc (2/2) D:11            Elf (0/3) Orc:2        Vaults (0/5) D:14
 Depths (0/4) D:15        Ossuary (visited)

Altars:
Cheibriados
Dithmenos
Elyvilon
Fedhas
Gozag
Hepliaklqana
Kikubaaqudgha
Makhleb
Sif Muna
Wu Jian
Yredelemnul
The Shining One

Shops:
D:5 [   D:6 :*=!   D:7 (((*   D:10 =   Orc:1 [   Orc:2 (=[(

Annotations:
Lair:3 exclusion: oklob plant
Lair:6 exclusion: obsidian statue


Message History

The spriggan druid closely misses you.
You slash the spriggan druid!
The spriggan druid looks as sick as possible!
The spriggan druid is heavily wounded.
The spriggan druid calls out to the beasts of the wild!
A goliath frog comes into view.
You closely miss the spriggan druid.
The spriggan druid is severely wounded.
The spriggan druid hits you but does no damage.
You barely miss the spriggan druid.
The spriggan druid is severely wounded.
Bogric splashes around in the water.
You slash the spriggan druid!
The spriggan druid looks as sick as possible!
The spriggan druid is almost dead.
The spriggan druid hits you but does no damage.
A swamp drake comes into view.
The swamp drake roars!
You slice the spriggan druid!!
With its final breath, the spriggan druid offers up its power to the beasts of the wild!
The goliath frog seems to grow more fierce.
The swamp drake seems to grow more fierce.
You kill the spriggan druid!
Beogh accepts your kill.
You hear a splash. x4
The swamp drake breathes poison at you.
You swap places.
The goliath frog hits you!
You are splashed with acid!
A goliath frog comes into view.
You barely miss the goliath frog. The goliath frog hits you!
* * * LOW HITPOINT WARNING * * *
The acid corrodes you!
You are splashed with acid!
* * * LOW HITPOINT WARNING * * *
The goliath frog hits you from afar!
* * * LOW HITPOINT WARNING * * *
You are splashed with acid!
* * * LOW HITPOINT WARNING * * *
Bogric splashes around in the water.
The goliath frog hits you from afar!
* * * LOW HITPOINT WARNING * * *
The acid corrodes you!
You are splashed with acid!
You die...

♣>....≈≈≈≈o≈≈..♣♣
♣≈...≈≈≈÷≈≈)≈≈§≈.♣♣♣♣≈.
♣♣....≈≈≈≈o).≈≈≈..≈♣...
♣♣♣♣≈.≈≈≈÷♣†≈≈≈≈..≈..♣
♣.≈≈≈.♣♣♣.°≈≈≈.≈...
♣.≈≈)....♣°°°°≈≈.≈§≈
♣.≈≈≈.≈≈.≈°°°§≈≈.≈≈≈
♣≈....≈≈≈..°°°§≈.♣♣♣
♣...≈≈≈≈≈≈.F≈@°≈..≈♣
♣♣.≈§§≈≈≈≈≈.o≈≈......
≈≈≈.≈≈≈).).♣♣♣♣..≈
..≈..≈≈†).F♣ ≈≈
♣♣♣♣.≈≈♣♣.♣♣ ≈
♣≈..≈≈♣♣).♣♣.≈≈.
....≈≈≈☼..†)..≈≈≈
≈...≈≈§○§)†≈..≈≈≈
≈..≈≈≈≈.≈≈≈≈≈.§≈≈


You could see 2 goliath frogs and the friendly Bogric the orc knight (very
poisoned).

Vanquished Creatures
  A dire elephant (Lair:6)
  A fire dragon (D:15)
  An ice dragon (Lair:4)
  A vault guard (D:14)
  4 boulder beetles
  A catoblepas (Lair:6)
  5 hydras
  A spriggan skeleton (D:15)
  A tengu warrior (D:13)
  A centaur warrior (D:14)
  An alligator (Swamp:1)
  4 two-headed ogres
  A death yak (Lair:6)
  A vampire mage (D:15)
  2 spriggans (Swamp:1)
  A spectral death yak (Lair:6)
  A spectral dire elephant (Lair:6)
  4 skeletal warriors
  A spriggan druid (Swamp:1)
  2 swamp dragons (Swamp:1)
  A bog body (Swamp:1)
  A deep elf pyromancer (D:12)
  2 orc knights
  4 necromancers
  A will-o-the-wisp (Swamp:1)
  A frost giant zombie (D:15)
  A tengu skeleton (D:15)
  3 cyclopes
  5 ugly things
  6 slime creatures
  15 elephants
  A gargoyle (D:13)
  A kobold demonologist (D:9)
  8 cane toads
  A spriggan zombie (D:15)
  A yaktaur (D:15)
  6 rime drakes
  9 komodo dragons
  2 polar bears
  4 trolls
  3 hornets
  Grinder (D:4)
  9 blink frogs
  A meliai zombie (D:10)
  A wraith (D:10)
  7 wyverns (Lair:4)
  3 basilisks
  35 yaks
  A spectral cane toad (Lair:6)
  A swamp worm (Swamp:1)
  A warg (Orc:1)
  7 vampire mosquitoes
  Edmund (D:4)
  2 death yak simulacra (Lair:6)
  9 water moccasins
  2 swamp drakes (Swamp:1)
  3 orc warriors
  An ice beast (D:5)
  A black bear (Lair:2)
  2 elephant zombies (Lair:6)
  5 ogres
  5 centaurs
  4 wolves
  4 boggarts (D:14)
  3 elephant skeletons (Lair:6)
  2 kobold brigands
  Blork the orc (D:4)
  A wyvern zombie (D:7)
  A water moccasin zombie (D:5)
  4 scorpions
  9 bullfrogs
  4 cane toad simulacra (Lair:6)
  A wyvern skeleton (D:7)
  6 killer bees (D:9)
  5 wights (D:8)
  An electric eel (Lair:4)
  7 howler monkeys
  5 hounds
  5 centaur zombies
  3 orc priests
  A jelly (D:7)
  A bullfrog skeleton (D:6)
  A centaur skeleton (D:4)
  8 orc wizards
  An iguana (D:5)
  A hell rat (Lair:4)
  A killer bee zombie (D:8)
  2 howler monkey zombies (D:10)
  12 mummies (Ossuary)
  4 gnolls (D:3)
  14 adders
  2 shadow imps
  4 white imps
  A worm (D:4)
  2 dart slugs
  19 orcs
  9 ball pythons
  6 bats
  2 endoplasms
  A giant cockroach (D:3)
  A goblin (D:1)
  5 hobgoblins (D:1)
  3 jackals (D:2)
  3 quokkas
  3 frilled lizards
  A gnoll skeleton (Ossuary)
  3 goblin skeletons (Ossuary)
  11 kobolds
  2 kobold skeletons (Ossuary)
  2 orc skeletons (Ossuary)
  5 rats
  11 rat skeletons (Ossuary)
417 creatures vanquished.

Vanquished Creatures (collateral kills)
  2 bunyips (Swamp:1)
  3 dire elephants (Lair:6)
  3 vault guards (D:14)
  5 hydras
  4 centaur warriors
  A death knight (D:14)
  A catoblepas (Lair:6)
  A two-headed ogre (D:10)
  A tengu warrior (D:13)
  2 skeletal warriors (D:14)
  A spectral death yak (Lair:6)
  A spectral anaconda (Lair:6)
  A swamp dragon (Swamp:1)
  A spriggan druid (Swamp:1)
  3 orc knights
  2 ugly things (D:15)
  A cyclops (D:12)
  7 elephants
  3 black mambas
  4 cane toads
  A cane toad (shapeshifter) (D:14)
  3 centaur zombies (D:10)
  A freezing wraith (D:14)
  A rime drake (Lair:3)
  An efreet (D:14)
  4 komodo dragons
  2 trolls
  A wolf spider simulacrum (D:14)
  3 polar bears
  7 slime creatures
  11 blink frogs
  A shadow (D:10)
  13 yaks
  7 wyverns
  2 basilisks
  A steam dragon (Lair:3)
  7 vampire mosquitoes
  A warg (Orc:2)
  An acid dragon (D:9)
  A spectral cane toad (Lair:6)
  4 water moccasins
  2 swamp drakes (Swamp:1)
  13 orc warriors
  An elephant zombie (Lair:6)
  A black bear (Lair:5)
  8 wolves
  4 ogres
  7 centaurs
  An elephant skeleton (Lair:6)
  6 bullfrogs
  An elephant simulacrum (Lair:6)
  2 electric eels (Lair:3)
  2 howler monkeys
  5 orc priests
  4 orc wizards
  4 hell rats (Lair:4)
  A howler monkey zombie (D:10)
  13 orcs
  3 kobolds (D:10)
  A plant (Lair:6)
199 creatures vanquished.

Vanquished Creatures (others)
  2 orc warlords (D:14)
  6 orc knights
  An orc high priest (D:11)
  29 orc warriors
  11 orc priests
  8 orc wizards
  44 orcs
  A bush (Lair:6)
  4 foxfires (Swamp:1)
  40 fungi
  201 plants
  39 withered plants
386 creatures vanquished.

Grand Total: 1002 creatures vanquished

Notes
Turn   | Place    | Note
-------+----------+-------------------------------------------
     0 | D:1      | StormTroobur the Hill Orc Fighter began the quest for the
                  | Orb.
     0 | D:1      | Reached XP level 1. HP: 19/19 MP: 1/1
   152 | D:1      | Reached XP level 2. HP: 24/27 MP: 2/2
   213 | D:1      | Found a faded altar of an unknown god.
   267 | D:1      | Reached skill level 3 in Axes
   652 | D:2      | Noticed an ogre
   667 | D:2      | Identified the +5 whip "Rish" {freeze, Int+4}
   675 | D:2      | Killed an ogre
   676 | D:2      | Reached skill level 4 in Axes
   676 | D:2      | Reached XP level 3. HP: 21/34 MP: 3/3
   676 | D:2      | Reached XP level 4. HP: 26/41 MP: 4/4
   841 | D:2      | Reached XP level 5. HP: 36/47 MP: 5/5
  1696 | D:3      | Reached skill level 5 in Axes
  1707 | D:3      | Reached XP level 6. HP: 33/55 MP: 6/6
  2047 | D:3      | Reached skill level 5 in Fighting
  2585 | D:4      | Became a worshipper of Beogh the Brigand
  2794 | D:4      | Noticed Grinder
  2807 | D:4      | Killed Grinder
  2808 | D:4      | Reached skill level 6 in Axes
  2808 | D:4      | Reached skill level 1 in Dodging
  2808 | D:4      | Reached XP level 7. HP: 61/61 MP: 7/7
  2829 | D:4      | Reached skill level 5 in Armour
  2871 | D:4      | Noticed Blork the orc
  2877 | D:4      | Killed Blork the orc
  2878 | D:4      | Reached skill level 7 in Axes
  3203 | D:4      | Noticed Edmund
  3219 | D:4      | Killed Edmund
  3220 | D:4      | Reached skill level 8 in Axes
  3220 | D:4      | Reached XP level 8. HP: 60/70 MP: 8/8
  3329 | D:5      | Entered Level 5 of the Dungeon
  3510 | D:5      | Reached * piety under Beogh
  3514 | D:5      | Noticed a troll
  3519 | D:5      | Killed a troll
  3520 | D:5      | Reached skill level 9 in Axes
  3617 | D:5      | Found Ixumaef's Armour Shop.
  3911 | D:5      | Reached skill level 5 in Shields
  4012 | D:5      | Reached skill level 10 in Axes
  4077 | D:5      | Reached XP level 9. HP: 78/78 MP: 9/9
  4279 | D:5      | Found a burning altar of Makhleb.
  4279 | D:5      | Noticed an Executioner
  4620 | D:6      | Found Guokyum's Jewellery Emporium.
  4637 | D:6      | Found a shimmering blue altar of Sif Muna.
  4663 | D:6      | Found a sand-covered staircase.
  4676 | Ossuary  | Entered an ossuary
  4836 | Ossuary  | Reached ** piety under Beogh
  4885 | Ossuary  | Reached skill level 11 in Axes
  5264 | D:6      | Found Xuijojun's Book Shoppe.
  5309 | D:6      | Found a white marble altar of Elyvilon.
  5341 | D:6      | Found Ceumay's Assorted Antiques.
  5348 | D:6      | Bought a scroll of identify for 66 gold pieces
  5348 | D:6      | Bought a scroll of identify for 66 gold pieces
  5360 | D:6      | Identified a scroll of acquirement
  5360 | D:6      | Acquired 1096 gold pieces
  5422 | D:6      | Found a snail-covered altar of Cheibriados.
  5589 | D:6      | Found Vusopeanu's Distillery.
  5736 | D:6      | Bought a shiny plate armour for 858 gold pieces
  5758 | D:7      | Found Coroawich's General Store.
  5794 | D:7      | Bought a scroll of identify for 24 gold pieces
  5794 | D:7      | Bought 5 poisoned darts for 24 gold pieces
  5794 | D:7      | Bought a scroll of identify for 24 gold pieces
  5839 | D:7      | Found an ornate altar of the Wu Jian Council.
  5852 | D:7      | Found Burien's Weapon Emporium.
  5864 | D:7      | Reached skill level 12 in Axes
  6137 | D:7      | Found Xyung's Weapon Boutique.
  6165 | D:7      | Found Opyvimot's Weapon Shop.
  6213 | D:7      | Found a glowing golden altar of the Shining One.
  6274 | D:7      | Found a shadowy altar of Dithmenos.
  6383 | D:7      | Reached *** piety under Beogh
  6522 | D:7      | Found an opulent altar of Gozag.
  6704 | D:7      | Found a staircase to the Ecumenical Temple.
  7416 | D:8      | Reached XP level 10. HP: 88/88 MP: 10/10
  7609 | D:8      | Reached skill level 13 in Axes
  7755 | D:9      | Noticed a kobold demonologist
  7770 | D:9      | Noticed a soul eater
  7794 | D:9      | Noticed a sixfirhy
  7812 | D:9      | Killed a kobold demonologist
  7813 | D:9      | Reached skill level 1 in Stealth
  8032 | D:9      | Found an ancient bone altar of Kikubaaqudgha.
  8102 | D:9      | Found a blossoming altar of Fedhas.
  8332 | D:9      | Noticed a two-headed ogre
  8339 | D:9      | Killed a two-headed ogre
  8424 | D:9      | Found a staircase to the Lair.
  8487 | D:9      | Found a hazy altar of Hepliaklqana.
  8511 | D:9      | Reached skill level 14 in Axes
  9418 | D:10     | Entered Level 10 of the Dungeon
  9482 | D:10     | Noticed a two-headed ogre
  9487 | D:10     | Killed a two-headed ogre
  9488 | D:10     | Reached XP level 11. HP: 97/97 MP: 11/11
  9497 | D:10     | Reached **** piety under Beogh
  9514 | D:10     | Found Dotaix's Jewellery Boutique.
  9740 | D:10     | Found a basalt altar of Yredelemnul.
  9936 | D:10     | Reached skill level 10 in Fighting
  9945 | D:10     | Reached skill level 15 in Axes
 10534 | Lair:1   | Entered Level 1 of the Lair of Beasts
 10600 | Lair:1   | Noticed a five-headed hydra
 10607 | Lair:1   | Killed a five-headed hydra
 10691 | Lair:1   | Reached skill level 1 in Maces & Flails
 11494 | Lair:2   | Identified the +4 quarterstaff of Doom {flame, Str+2}
 11690 | Lair:2   | Reached skill level 16 in Axes
 11690 | Lair:2   | Reached XP level 12. HP: 105/107 MP: 12/12
 11721 | Lair:2   | Reached skill level 10 in Armour
 11721 | Lair:2   | Reached ***** piety under Beogh
 11723 | Lair:2   | Gained Bogwald as an ally
 12356 | Lair:3   | Found a staircase to the Swamp.
 12393 | Lair:3   | Noticed a five-headed hydra
 12403 | Lair:3   | Killed a five-headed hydra
 13486 | Lair:4   | Noticed a seven-headed hydra
 13495 | Lair:4   | Reached skill level 17 in Axes
 13503 | Lair:4   | Killed an eight-headed hydra
 13511 | Lair:4   | Reached XP level 13. HP: 45/117 MP: 13/13
 14210 | Lair:4   | Found a staircase to the Snake Pit.
 14313 | Lair:4   | Noticed an ice dragon
 14327 | Lair:4   | Killed an ice dragon
 14681 | Lair:5   | Found the ring of the Mage {Wiz Archmagi}
 15544 | Lair:6   | Entered Level 6 of the Lair of Beasts
 15814 | Lair:6   | Found a staircase to the Slime Pits.
 15874 | Lair:6   | Reached skill level 10 in Shields
 15930 | Lair:6   | Gained Orbeogh as an ally
 16040 | Lair:6   | Reached skill level 18 in Axes
 16504 | Lair:6   | Reached ****** piety under Beogh
 17171 | Lair:6   | Noticed a dire elephant
 17171 | Lair:6   | Noticed a dire elephant
 17172 | Lair:6   | Noticed a dire elephant
 17240 | Lair:6   | Reached XP level 14. HP: 110/129 MP: 14/14
 17500 | Lair:6   | Killed a dire elephant
 17504 | Lair:6   | Killed a dire elephant
 17509 | Lair:6   | Killed a dire elephant
 17768 | Lair:6   | Noticed a dire elephant
 17779 | Lair:6   | Killed a dire elephant
 18121 | Lair:6   | Identified the +10 hand axe of Gozag's Approval {flame,
                  | Int+3}
 19440 | D:11     | Your ally Orbeogh died
 19584 | D:11     | Found a staircase to the Orcish Mines.
 19699 | D:11     | Gained Zorug as an ally
 20301 | Orc:1    | Entered Level 1 of the Orcish Mines
 20306 | Orc:1    | Your ally Zorug died
 20435 | Orc:1    | Found Exeipry's Antique Armour Boutique.
 20513 | Orc:1    | Bought a pair of runed boots for 255 gold pieces
 20513 | Orc:1    | Bought a pair of embroidered gloves for 255 gold pieces
 20952 | Orc:2    | Entered Level 2 of the Orcish Mines
 21061 | Orc:2    | Noticed an orc warlord
 21071 | Orc:2    | Gained Arbolt as an ally
 21470 | Orc:2    | Found Uttaudoc's Jewellery Boutique.
 21470 | Orc:2    | Found Roed's Antique Armour Emporium.
 21472 | Orc:2    | Found Ivileumpy's Antique Weapon Shoppe.
 21474 | Orc:2    | Found Xyreoly's Antique Weapon Shop.
 21832 | Orc:2    | Found a staircase to the Elven Halls.
 24610 | D:14     | Reached XP level 15. HP: 108/139 MP: 3/15
 24939 | D:14     | Found a gate to the Vaults.
 24942 | D:14     | Reached skill level 19 in Axes
 24983 | D:14     | Your ally Arbolt died
 24989 | D:14     | Your ally Bogwald died
 26341 | D:15     | Entered Level 15 of the Dungeon
 26812 | D:15     | Found a staircase to the Depths.
 27242 | D:15     | Gained Spirok as an ally
 27390 | D:15     | Identified the ring "Amox" {Will++ AC+4}
 27833 | D:15     | Reached skill level 5 in Stealth
 28538 | Swamp:1  | Entered Level 1 of the Swamp
 28565 | Swamp:1  | Reached skill level 15 in Fighting
 28573 | Swamp:1  | Your ally Spirok died
 28960 | Swamp:1  | Gained Bogric as an ally
 28961 | Swamp:1  | Reached skill level 5 in Maces & Flails
 29032 | Swamp:1  | HP: 3/141 [goliath frog[a spriggan druid] (7)]
 29032 | Swamp:1  | Splashed by a goliath frog's acid

Illustrated notes

Levels and vault maps discovered:
D:1:      minmay_arrival_shoal_huts, layout_basic,
          shapermc_ecumenical_altar_mp_ritualfount, serial_glass,
          glass_columns_c, glass_columns_b, minmay_strange_pillars
D:2:      layout_basic
D:3:      layout_loops_ring
D:4:      layout_basic, dk_rats_in_the_wall, uniq_grinder, uniq_blork_the_orc,
          uniq_edmund
D:5:      layout_layer_cave, makhleb_altar_promises_db, serial_shops, shop,
          grunt_decor_one_mirror
D:6:      layout_cave_pools, elyvilon_altar_5, nicolae_overflow_crystal_walls,
          kennysheep_slug_shrine, serial_shops, nicolae_shop_crystal, shop,
          kennysheep_little_box, nicolae_shop_behind_doors, enter_ossuary_1,
          kennysheep_generic_room_9
D:7:      layout_rooms, grunt_dithmenos_shadows, nicolae_tso_carved_into_rock,
          mainiacjoe_overflow_24_doors, mainiacjoe_overflow_small_starburst,
          lemuel_temple_firewalk_b, serial_shops,
          nicolae_shop_bloodbath_and_beyond, shop, shop_coins,
          nicolae_shop_window_shopping
D:8:      layout_loops_cross
D:9:      layout_basic, kiku_gazebo_pond_becter, lemuel_round_altar,
          mainiacjoe_overflow_paths, lair_entry_dummy
D:10:     layout_basic, nicolae_yredelemnul_corpse_copse, serial_shops, shop,
          grunt_decor_arrowhead
D:11:     layout_irregular_city, orc_0_dummy
D:12:     layout_gridville, grunt_decor_junction, minmay_variable_closet
D:13:     layout_roguey, serial_rivers, chequers_serial_rivers_micro_b,
          chequers_serial_rivers_small_3, chequers_serial_rivers_small_b,
          chequers_serial_rivers_micro_b, chequers_serial_rivers_room_a,
          chequers_serial_rivers_small_3
D:14:     layout_layer_cave, lightli_vaults_fourway_checkpoint, kennysheep_nub
D:15:     gammafunk_depths_entry_grave, layout_grid_maze,
          nicolae_figureground_sparkle
Lair:1:   layout_cave_pods
Lair:2:   layout_chaotic_city, beast_lair_carwin_4
Lair:3:   layout_concentric_octagons, minmay_swamp_entry_eels,
          guppyfry_lair_drakes, grunt_megastairs_2
Lair:4:   layout_roguey [special_room_mythical_zoo], dummy_snake_entry,
          nicolae_quartered_pool_little, bobbens_ice_dragon_lair
Lair:5:   layout_roguey, small_statue_intersection, st_stairs_4,
          patterned_corridor
Lair:6:   due_jungle_book, layout_regular_city, slime_dummy, serial_forest,
          infiniplex_forest_clump_curved, infiniplex_forest_clump_medium,
          infiniplex_forest_straight_4, infiniplex_forest_fountain,
          infiniplex_forest_zigzag_1, infiniplex_forest_clump_diagonal,
          infiniplex_forest_lined_2, infiniplex_forest_straight_3,
          infiniplex_forest_clump_medium, nicolae_lair_yak_garden
Swamp:1:  layout_basic_swamp, serial_swamp_ruin, evilmike_swamp_ruin_rubble_2,
          evilmike_swamp_ruin_house_1, hangedman_swamp_ruin_wall,
          st_swamp_ruins_4
Orc:1:    layout_caves, serial_shops, nicolae_shop_hallway_stairs
Orc:2:    st_orc_rangers, layout_caves

Skill      XL: |  1  2  3  4  5  6  7  8  9 10 11 12 13 14 15 |
---------------+----------------------------------------------+-----
Axes           | 4 5 6 8 10 12 14 16 17 18 19 | 19.6
Fighting       | 4 5 6 8 9 10 11 13 14 15 | 15.2
Shields        | 4 5 6 7 9 10 12 13 | 13.7
Armour         | 4 5 6 7 8 9 11 12 13 14 | 14.3
Dodging        | 1 2 3 |  3.3
Stealth        | 2 3 4 5 |  5.2
Maces & Flails | 1 3 4 5 |  5.0
Invocations    | |  0.6

Action                   |  1- 3 |  4- 6 |  7- 9 | 10-12 | 13-15 || total
-------------------------+-------+-------+-------+-------+-------++-------
Melee: War axe           |    51 |   170 |   305 |   373 |   744 ||  1643
       Flail             |       |       |       |    19 |    36 ||    55
       Hand axe          |       |       |       |       |    12 ||    12
Invok: Convert to Beogh  |       |     1 |       |       |       ||     1
       Smiting           |       |       |       |     1 |     1 ||     2
  Use: Scroll            |       |     6 |    17 |     2 |    11 ||    36
       Potion            |       |       |     1 |     8 |     7 ||    16
 Stab: Invisible         |       |       |       |     3 |       ||     3
       Distracted        |       |       |       |     2 |    17 ||    19
       Petrified         |       |       |       |       |     6 ||     6
Armor: Scale mail        |    23 |    93 |    22 |       |       ||   138
       Plate armour      |       |       |   123 |   249 |   466 ||   838
Dodge: Dodged            |    24 |    68 |    75 |   164 |   324 ||   655
Block: Buckler           |    13 |    51 |    58 |       |       ||   122
       Kite shield       |       |       |     4 |   208 |   518 ||   730
